 Dungeon Crawl Stone Soup version 0.30-a0-862-g1aabd4f9c5 (webtiles) character file.

Game seed: 5869647734340800250

8812 jasper the Cleaver (level 11, -3/86 HPs)
             Began as a Demonspawn Fighter on Mar 8, 2023.
             Was an Elder of Wu Jian.
             Slain by a cyan ugly thing (9 damage)
             ... on level 11 of the Dungeon.
             The game lasted 00:24:17 (13421 turns).

jasper the Cleaver (Demonspawn Fighter)            Turns: 13421, Time: 00:24:18

Health: -3/86      AC: 16    Str: 16    XL:     11   Next: 14%
Magic:  11/11      EV: 11    Int: 10    God:    Wu Jian [****..]
Gold:   190        SH:  4    Dex: 15    Spells: 10/10 levels left

rFire   . . .      SeeInvis .    C - +3 battleaxe
rCold   + . .      Faith    .    (shield currently unavailable)
rNeg    . . .      Spirit   .    I - +0 plate armour
rPois   .          Reflect  .    (no helmet)
rElec   .          Rampage  .    c - +0 cloak
rCorr   .                        v - +0 pair of gloves
Will    .....                    (no boots) Stlth
                                 (no amulet)
HPRegen 0.34/turn                d - ring of ice
MPRegen 0.24/turn                G - ring of protection from fire

@: exhausted, studying Dodging
A: hooves 1, magic regeneration, sturdy frame 2, condensation shield, clumsy 1
a: Renounce Religion, Wall Jump, Serpent's Lash


You were on level 11 of the Dungeon.
You worshipped Wu Jian.
Wu Jian was greatly pleased with you.
You visited 1 branch of the dungeon, and saw 11 of its levels.
You also visited: Ossuary.

You collected 790 gold pieces.
You spent 600 gold pieces at shops.

Inventory:

Hand Weapons
 a - a +1 war axe
 B - a +0 battleaxe
 C - a +3 battleaxe (weapon)
 H - a +0 morningstar
 L - a +4 flail of freezing
Missiles
 e - 61 poisoned darts (quivered)
 f - 98 stones
 k - 3 silver boomerangs
 z - 5 boomerangs
Armour
 b - a +0 scale mail
 c - a +0 cloak (worn)
 o - a +1 chain mail
 v - a +0 pair of gloves (worn)
 I - a +0 plate armour (worn)
Jewellery
 d - a ring of ice (left hand)
 E - a ring of wizardry
 G - a ring of protection from fire (right hand)
Wands
 m - a wand of digging (4)
 F - a wand of roots (20)
 J - a wand of charming (23)
Scrolls
 g - 2 scrolls of teleportation
 h - a scroll of magic mapping
 i - 5 scrolls of torment
 w - a scroll of blinking
 x - 3 scrolls of enchant armour
 y - 2 scrolls of identify
 A - a scroll of vulnerability
 D - a scroll of enchant weapon
 N - a scroll of fear
 O - a scroll of immolation
Potions
 j - a potion of brilliance
 n - 4 potions of magic
 p - a potion of flight
 q - 2 potions of attraction
 r - 2 potions of haste
 s - 2 potions of curing
 t - 4 potions of mutation
 u - 2 potions of lignification
 K - a potion of invisibility
 M - 2 potions of ambrosia
Miscellaneous
 P - a tin of tremorstones (inert)


   Skills:
 + Level 8.2 Fighting
 * Level 10.6 Axes
 + Level 7.5 Armour
 + Level 10.0 Dodging
 - Level 2.6 Shields


You had 10 spell levels left.
You didn't know any spells.
Your spell library contained the following spells:

 Spells                   Type           Power      Damage    Failure   Level
 Sting                    Tmut/Pois      0%         1d3       98%         1
 Summon Small Mammal      Summ           0%         N/A       98%         1
 Poisonous Vapours        Pois/Air       0%         N/A       99%         2
 Call Canine Familiar     Summ           0%         N/A       100%        3
 Ignite Poison            Fire/Tmut/Pois 0%         N/A       100%        3
 Kindle Blastsparks       Fire/Tloc/Air  0%         2d10      100%        3
 Portal Projectile        Hex/Tloc       0%         N/A       100%        3
 Summon Guardian Golem    Hex/Summ       0%         N/A       100%        3
 Tukima's Dance           Hex            0%         N/A       100%        3
 Olgreb's Toxic Radiance  Pois           0%         N/A       100%        4
 Blade Hands              Tmut           0%         N/A       100%        5
 Freezing Cloud           Conj/Ice/Air   0%         6-21      100%        5


Dungeon Overview and Level Annotations

Branches:
Dungeon (11/15)            Temple (0/1) D:4            Lair (0/5) D:10
    Orc (0/2) D:11        Ossuary (visited)

Altars:
Cheibriados
Gozag
Kikubaaqudgha
Trog
Uskayaw
Wu Jian

Shops:
D:11 :*

Annotations:
D:6 1 runed translucent door, Rocko1345's ghost, novice OgBe
D:7 2 transporters, Rudyous's ghost, novice MiFi
D:9 2 transporters
D:11 2 transporters, IdlyInterested's ghost, novice DsFi


Innate Abilities, Weirdness & Mutations

You have large cloven feet.
You regenerate magic rapidly.
Your movements are less encumbered by armour. (ER -4)
A meltable shield of frost defends you. (SH +4)
You are clumsy. (Dex -2)


Message History

* * * LOW HITPOINT WARNING * * *
You take 25 damage, and have 3/86 hp.
MASSIVE DAMAGE!!
Blink to where?
Press: ? - help, Dir - move target
As you read the scroll of blinking, it crumbles to dust.
There is a stone staircase leading up here.
Throw: 65 darts (poison)
Press: ? - help, Q - select action, (/) - cycle Shift-Dir - straight line, f - cyan ugly thing
Aim: a cyan ugly thing (almost dead, 63% to hit)
You throw a poisoned dart.
The poisoned dart barely misses the cyan ugly thing.
Throw: 64 darts (poison)
Press: ? - help, Q - select action, (/) - cycle Shift-Dir - straight line, f/p - cyan ugly thing
Aim: a cyan ugly thing (almost dead, 63% to hit)
You throw a poisoned dart.
The poisoned dart barely misses the cyan ugly thing.
Throw: 63 darts (poison)
Press: ? - help, Q - select action, (/) - cycle Shift-Dir - straight line, f/p - cyan ugly thing
Aim: a cyan ugly thing (almost dead, 63% to hit)
You throw a poisoned dart.
The poisoned dart hits the cyan ugly thing.
The cyan ugly thing is poisoned.
The cyan ugly thing is almost dead.
Aiming: Throw Flame
Press: ? - help, Shift-Dir - straight line, f/p - cyan ugly thing
Aim: a cyan ugly thing (almost dead, poisoned, 68% to hit)
The puff of flame misses the cyan ugly thing.
Aiming: Throw Flame
Press: ? - help, Shift-Dir - straight line, f/p - cyan ugly thing
Aim: a cyan ugly thing (almost dead, poisoned, 68% to hit)
The puff of flame misses the cyan ugly thing.
The now-empty wand crumbles to dust.
Throw: 62 darts (poison)
Press: ? - help, Q - select action, (/) - cycle Shift-Dir - straight line, f/p - cyan ugly thing
Aim: a cyan ugly thing (almost dead, poisoned, 63% to hit)
You throw a poisoned dart.
The poisoned dart hits the cyan ugly thing.
The cyan ugly thing is almost dead.
The cyan ugly thing claws you!
You die...

#.........ยง#k#y~#).
#........(.#.#~.##.
#..........##....##
#......(....##..#.#
#............##8...
#.............##o..
#...(..........##$#
######..u..>.........##.
#......@....########..##
##..........# ##...
#..........# ##..
#..........# #..
#..........# #..
#..........# #..
#...######.##########..
#...#....#.............
###.#....#..^..........


You could see a cyan ugly thing (poisoned).

Vanquished Creatures
  A two-headed ogre (D:11)
  Pikel (D:9)
  A rime drake (D:9)
  A kobold demonologist (D:10)
  2 trolls
  4 yaks (D:9)
  2 shadows (D:11)
  4 vampire mosquitoes (D:10)
  2 acid dragons (D:10)
  2 orc warriors
  3 black bears
  6 ice beasts
  3 ogres
  4 wolves
  6 centaurs
  4 lemures (D:9)
  A phantom (D:4)
  3 kobold brigands
  3 bullfrogs
  2 gnoll sergeants
  2 scorpions (D:5)
  3 water moccasin zombies (Ossuary)
  15 wights
  2 killer bees (D:9)
  3 howler monkeys
  A jelly (D:7)
  7 hounds
  6 orc priests
  A gnoll bouda (D:5)
  2 iguanas
  10 orc wizards
  3 mummies
  5 adders
  16 gnolls
  A river rat (D:5)
  2 shadow imps
  An ufetubus (D:7)
  3 adder zombies (Ossuary)
  2 dart slugs (D:3)
  39 orcs
  4 ball pythons
  8 endoplasms
  3 giant cockroaches
  4 goblins
  8 hobgoblins
  28 kobolds
  A quokka (D:3)
  3 bats
  3 frilled lizards
  6 gnoll zombies (Ossuary)
  5 hobgoblin zombies
  4 kobold zombies (Ossuary)
  5 orc zombies
  10 rats
271 creatures vanquished.

Vanquished Creatures (collateral kills)
  A kobold brigand (D:9)
  A killer bee (D:9)
  2 gnolls (D:8)
  A kobold (D:9)
5 creatures vanquished.

Vanquished Creatures (others)
  3 killer bees (D:9)
  A fungus (D:3)
  A plant (D:3)
5 creatures vanquished.

Grand Total: 281 creatures vanquished

Notes
Turn   | Place    | Note
-------+----------+-------------------------------------------
     0 | D:1      | jasper the Demonspawn Fighter began the quest for the Orb.
     0 | D:1      | Reached XP level 1. HP: 18/18 MP: 1/1
    58 | D:1      | Gained mutation: Your movements are slightly less
                  | encumbered by armour. (ER -2) [demonic ancestry]
    58 | D:1      | Reached XP level 2. HP: 24/24 MP: 2/2
   751 | D:2      | Gained mutation: You regenerate magic rapidly. [demonic
                  | ancestry]
   751 | D:2      | Reached XP level 3. HP: 29/29 MP: 3/3
  1265 | D:2      | Identified a scroll of acquirement
  1265 | D:2      | Acquired a manual of Dodging
  1384 | D:3      | Reached skill level 1 in Dodging
  1384 | D:3      | Gained mutation: Your movements are less encumbered by
                  | armour. (ER -4) [demonic ancestry]
  1384 | D:3      | Reached XP level 4. HP: 20/35 MP: 4/4
  1606 | D:3      | Found an ornate altar of the Wu Jian Council.
  1763 | D:3      | Reached XP level 5. HP: 32/41 MP: 5/5
  1873 | D:3      | Gained mutation: You are clumsy. (Dex -2) [potion of
                  | mutation]
  1873 | D:3      | Gained mutation: You have large cloven feet. [potion of
                  | mutation]
  2280 | D:3      | Became a worshipper of the Wu Jian Council
  2678 | D:3      | Found a faded altar of an unknown god.
  2857 | D:4      | Found a snail-covered altar of Cheibriados.
  2953 | D:4      | Found a sand-covered staircase.
  2961 | Ossuary  | Entered an ossuary
  3087 | Ossuary  | Reached * piety under Wu Jian
  3103 | Ossuary  | Reached XP level 6. HP: 48/48 MP: 6/6
  3289 | D:4      | Reached skill level 5 in Axes
  3557 | D:4      | Found a staircase to the Ecumenical Temple.
  3589 | D:4      | Mutation became permanent: You have large cloven feet.
                  | [demonic ancestry]
  3589 | D:4      | Gained mutation: You have large cloven feet. [demonic
                  | ancestry]
  3589 | D:4      | Reached XP level 7. HP: 13/54 MP: 7/7
  3988 | D:4      | Found an ancient bone altar of Kikubaaqudgha.
  4317 | D:5      | Entered Level 5 of the Dungeon
  4387 | D:5      | Identified the +6 quarterstaff of Resourcefulness {heavy,
                  | rCorr MP+9 Str+2}
  4536 | D:5      | Reached XP level 8. HP: 41/61 MP: 8/8
  4765 | D:5      | Reached ** piety under Wu Jian
  4883 | D:5      | Reached skill level 5 in Dodging
  5283 | D:5      | Reached skill level 5 in Fighting
  5317 | D:5      | Found a bloodstained altar of Trog.
  5881 | D:6      | Reached skill level 5 in Armour
  6191 | D:6      | Reached XP level 9. HP: 57/69 MP: 9/9
  6392 | D:6      | Found a runed translucent door.
  6392 | D:6      | Noticed Rocko1345's ghost (novice OgBe)
  6695 | D:7      | Found a transporter.
  6997 | D:7      | Found a transporter.
  7000 | D:7      | Noticed a moth of wrath
  7001 | D:7      | Noticed Rudyous's ghost (novice MiFi)
  7007 | D:7      | Found a bloodstained altar of Trog.
  7362 | D:7      | Reached *** piety under Wu Jian
  8686 | D:8      | Found an opulent altar of Gozag.
  8737 | D:8      | You fall into a shaft and drop 3 floors!
  8745 | D:11     | Found a staircase to the Orcish Mines.
  8804 | D:11     | Found a transporter.
  8822 | D:10     | Entered Level 10 of the Dungeon
  8829 | D:9      | Found a transporter.
  8829 | D:9      | Found a transporter.
  9573 | D:9      | Found a hide-covered altar of Uskayaw.
  9631 | D:9      | Reached **** piety under Wu Jian
  9830 | D:9      | Gained mutation: A meltable shield of frost defends you.
                  | (SH +4) [demonic ancestry]
  9830 | D:9      | Reached XP level 10. HP: 77/77 MP: 10/10
 10144 | D:9      | Noticed Pikel
 10158 | D:9      | Killed Pikel
 11650 | D:9      | Reached skill level 10 in Axes
 11890 | D:10     | Noticed a rust devil
 12213 | D:10     | Found a staircase to the Lair.
 12487 | D:11     | Found Voiliy's Gadget Gallery.
 12518 | D:11     | Reached XP level 11. HP: 83/86 MP: 11/11
 12519 | D:11     | Bought a tin of tremorstones (2/2) for 600 gold pieces
 12531 | D:11     | Noticed IdlyInterested's ghost (novice DsFi)
 12550 | D:11     | Noticed a cyan ugly thing
 12555 | D:11     | Found a transporter.
 12967 | D:11     | Noticed a two-headed ogre
 12991 | D:11     | Killed a two-headed ogre
 12992 | D:11     | Reached skill level 10 in Dodging
 13239 | D:11     | Found Zigog's Book Emporium.
 13381 | D:11     | Noticed a lindwurm
 13400 | D:11     | Noticed a cyan ugly thing
 13405 | D:11     | Noticed a death drake
 13412 | D:11     | HP: 3/86 [cyan ugly thing (14)]
 13421 | D:11     | Slain by a cyan ugly thing

Illustrated notes

Levels and vault maps discovered:
D:1:      wander_arrival_estate, layout_basic, dreamdust_wishing_well
D:2:      layout_rooms
D:3:      layout_loops_cross, lemuel_round_altar,
          shapermc_ecumenical_altar_petra, minmay_strange_pillars, nrook_uturn
D:4:      cheibrodos_quashed, layout_loops_cross, lemuel_crystal_altar,
          mainiacjoe_overflow_catwalk, minmay_temple_entry_hall,
          nicolae_ossuary_entry_giza
D:5:      layout_loops_cross, bloody_trog, portal_sewer_entry_b
D:6:      layout_rooms, ebering_ghost_reflecting_pool
D:7:      layout_loops_cross, gammafunk_ghost_wrathful_warriors
D:8:      layout_loops_ring, mainiacjoe_overflow_small_starburst
D:9:      layout_roguey, mainiacjoe_overflow_concentric_impassable,
          nicolae_diode_stairs, uniq_pikel
D:10:     layout_roguey, hellmonk_lair_entry_icy, feat_on_display
D:11:     layout_irregular_city, david_orc_2, nzn_ghost_randoct, serial_shops,
          nicolae_take_the_stairs, nicolae_shop_gadgets

Skill      XL: |  1  2  3  4  5  6  7  8  9 10 11 |
---------------+----------------------------------+-----
Axes           | 2 3 4 5 6 7 9 10 | 10.6
Dodging        | 1 2 3 4 6 8 9 10 | 10.0
Armour         | 3 4 5 6 7 |  7.5
Fighting       | 4 5 6 8 |  8.2
Shields        | |  2.6

Action                     |  1- 3 |  4- 6 |  7- 9 | 10-12 || total
---------------------------+-------+-------+-------+-------++-------
  Melee: War axe           |    88 |   217 |   268 |       ||   573
         Kick              |       |    56 |   109 |    79 ||   244
         Battleaxe         |       |       |   144 |   265 ||   409
  Throw: Dart              |     9 |     6 |    50 |    36 ||   101
         Stone             |       |     6 |    13 |       ||    19
 Invoke: Serpent's Lash    |       |       |       |     2 ||     2
Ability: Lunge             |       |     8 |    26 |    10 ||    44
         Whirlwind         |       |       |    14 |     8 ||    22
         Wall Jump         |       |       |     5 |     1 ||     6
  Evoke: Wand              |       |       |     8 |     2 ||    10
         Tin of tremorston |       |       |       |     2 ||     2
    Use: Potion            |     2 |     3 |     3 |     1 ||     9
         Scroll            |     8 |     7 |    10 |     4 ||    29
   Stab: Invisible         |       |     2 |       |       ||     2
         Betrayed ally     |       |       |     2 |       ||     2
 Armour: Scale mail        |    27 |       |       |       ||    27
         Chain mail        |    11 |    76 |   140 |       ||   227
         Plate armour      |       |       |    77 |   143 ||   220
  Dodge: Dodged            |    49 |    94 |   267 |   173 ||   583
  Block: Buckler           |    30 |    48 |    60 |       ||   138
         Other             |       |       |       |    53 ||    53

Table legend: (Time is in decaauts)
 A = Elapsed time spent in this place.
 B = Non-inter-level travel time spent in this place.
 C = Inter-level travel time spent in this place.
 D = Time resting spent in this place.
 E = Time spent auto-exploring this place.
 F = Levels seen in this place.
 G = Mean time per level.
                   A        B        C        D        E       F      G
               +--------+--------+--------+--------+--------+-----+--------+
         Total |  13699 |  12805 |    894 |   2746 |   7220 |  12 | 1141.6 |
       Dungeon |  13359 |  12465 |    894 |   2708 |   7106 |  11 | 1214.5 |
       Ossuary |    339 |    339 |      0 |     38 |    114 |   1 |  339.0 |
               +--------+--------+--------+--------+--------+-----+--------+

Top non-repeatable levels by time:
     D:9: 1732 daAuts
     D:7: 1583 daAuts
     D:3: 1525 daAuts
     D:5: 1506 daAuts
    D:10: 1330 daAuts
     D:4: 1246 daAuts
     D:8: 1184 daAuts
    D:11: 1027 daAuts
     D:6: 823 daAuts
     D:1: 743 daAuts
     D:2: 656 daAuts
 Ossuary: 339 daAuts
